 Dungeon Crawl Stone Soup version 0.32-a0-675-gdc239d62e1 (webtiles) character file.

Game seed: 15811614787371391627

1652 cojito the Charlatan (level 9, -1/66 HPs)
             Began as a Coglin Artificer on Mar 11, 2024.
             Slain by a slime creature (16 damage)
             ... on level 7 of the Dungeon.
             The game lasted 00:11:38 (4345 turns).

cojito the Charlatan (Coglin Artificer)             Turns: 4345, Time: 00:11:38

Health: -1/66      AC:  6    Str: 12    XL:     9   Next: 0%
Magic:  8/12       EV: 12    Int: 16    God:
Gold:   312        SH:  0    Dex: 14    Spells: 10/13 levels left

rFire   . . .        p - +1 short sword (protect) {Khabaw}
rCold   . . .        r - +2 mace (heavy) {Gaius}
rNeg    . . .        b - +0 leather armour
rPois   .            (no helmet)
rElec   .            (no cloak)
rCorr   .            q - +1 pair of gloves
SInv    .            v - +0 pair of boots
Will    .....        (amulet unavailable)
Stlth   +            (ring unavailable)
HPRegen 0.31/turn    (ring unavailable)
MPRegen 0.13/turn    (no gizmo)

%: no passive effects
@: no status effects
A: off-hand wielding, slow wielding, warmup strikes, no jewellery
a: Invent Gizmo


You were on level 7 of the Dungeon.
You visited 1 branch of the dungeon, and saw 8 of its levels.

You collected 312 gold pieces.

Inventory:

Hand Weapons
 h - a +0 short sword {Yan}
 i - a +0 short sword {Margit}
 l - a +0 falchion {Consuela}
 o - a +3 battleaxe
 p - a +1 short sword of protection (weapon) {Khabaw}
 r - a +2 heavy mace (offhand) {Gaius}
Missiles
 A - 2 throwing nets
Armour
 b - a +0 leather armour (worn)
 g - a +0 plate armour
 q - a +1 pair of gloves (worn)
 v - a +0 pair of boots (worn)
Wands
 c - a wand of flame (1) (quivered)
 d - a wand of charming (19)
 e - a wand of iceblast (5)
Scrolls
 a - 2 scrolls of vulnerability
 f - a scroll of amnesia
 j - a scroll of noise {unknown}
 k - a scroll of revelation
 m - a scroll of fog {unknown}
 t - a scroll of summoning {unknown}
 u - a scroll of enchant armour
 w - a scroll of fear {unknown}
 y - 2 scrolls of teleportation {unknown}
 z - a scroll of acquirement {unknown}
Potions
 n - 2 potions of ambrosia
 s - a potion of might
 x - a potion of heal wounds


   Skills:
 + Level 4.7 Fighting
 - Level 0.2 Short Blades
 - Level 3.2 Armour
 + Level 3.1 Dodging
 - Level 0.7 Stealth
 + Level 2.5 Spellcasting
 * Level 4.1 Conjurations
 * Level 4.1 Fire Magic
 + Level 7.1 Evocations


You had 10 spell levels left.
You knew the following spells:

 Your Spells              Type           Power      Damage    Failure   Level
a - Foxfire               Conj/Fire      60%        2x1d7     4%          1
b - Static Discharge      Conj/Air       16%        3-4/arc   16%         2

Your spell library contained the following spells:

 Spells                   Type           Power      Damage    Failure   Level
 Lesser Beckoning         Tloc           4%         N/A       36%         2
 Gell's Gravitas          Tloc           2%         N/A       58%         3
 Summon Ice Beast         Ice/Summ       2%         N/A       58%         3
 Teleport Other           Tloc           2%         N/A       58%         3
 Airstrike                Air            1%         2d(1-17)  94%         4
 Summon Lightning Spire   Summ/Air       2%         N/A       94%         4
 Summon Mana Viper        Hex/Summ       2%         N/A       100%        5
 Plasma Beam              Fire/Air       4%         2x1d14    100%        6
 Starburst                Conj/Fire      7%         6d4       100%        6
 Monstrous Menagerie      Summ           1%         N/A       100%        7


Dungeon Overview and Level Annotations

Branches:
Dungeon (8/15)
 Temple: D:4-7         Lair: D:8-11

Altars:
Ashenzari
Fedhas
Qazlal
Ru
Sif Muna
Wu Jian
Xom


Innate Abilities, Weirdness & Mutations

You can wield a second weapon in your off-hand.
It takes a long time for you to wield or remove held weapons.
Your first few attacks do less damage.
You cannot equip rings or amulets.


Message History

Your Dodging skill increases to level 3!
Your Conjurations skill increases to level 4!
Your Fire Magic skill increases to level 4!
You have reached level 9!
Your experience leads to an increase in your attributes!
Increase (S)trength, (I)ntelligence, or (D)exterity?
You feel clever. x2
Dowan hits the slime creature with a +0 dagger.
You swap places.
Dowan casts a spell at the slime creature.
The stone arrow hits the slime creature!
The slime creature hits you but does no damage.
Dowan hits the slime creature with a +0 dagger.
Dowan hits the slime creature with a +0 dagger.
The slime creature hits you! The slime creature hits you!!
Dowan hits the slime creature with a +0 dagger.
The slime creature closely misses you.
Dowan gestures at the slime creature while chanting.
The shard of ice hits the slime creature!
The slime creature hits Dowan!!
Dowan closely misses the slime creature.
The slime creature hits Dowan.
The slime creature attacks as it pursues you!
The slime creature hits you.
Dowan gestures at the slime creature while chanting.
The shard of ice hits the slime creature!
You see here a scroll of identify.
Dowan hits the slime creature with a +0 dagger.
The slime creature hits Dowan!!
Dowan dies!
The slime creature quivers.
The slime creature completely misses you.
The slime creature attacks as it pursues you!
The slime creature hits you!
* * * LOW HITPOINT WARNING * * *
The slime creature attacks as it pursues you!
The slime creature barely misses you.
There is a stone staircase leading up here.
The slime creature hits you!
You die...

####### #.....#
######.....#
##.......?.....#
##...........@..#
#.......[....J..#
#............J..# #
#...........Y...#
####........$......##..
.......................#
.................<....##
.............?..###.###
........†)....#.# .#


You could see 2 slime creatures and an ice beast.

Vanquished Creatures
  Eustachio (D:6)
  Duvessa (D:7)
  2 ice beasts (D:5)
  A sky beast (D:5)
  Blork the orc (D:6)
  A bullfrog (D:7)
  2 scorpions
  3 wights (D:6)
  A bombardier beetle (D:6)
  A hound (D:4)
  3 orc priests
  2 iguanas
  A sleepcap (D:5)
  5 orc wizards
  6 gnolls (D:5)
  4 adders
  2 shadow imps (D:6)
  3 dart slugs
  A ribbon worm (D:2)
  17 orcs
  3 ball pythons
  11 endoplasms
  4 giant cockroaches
  4 goblins
  5 hobgoblins
  6 jackals
  2 quokkas (D:4)
  7 bats
  2 frilled lizards (D:1)
  8 kobolds
  3 rats
113 creatures vanquished.

Vanquished Creatures (collateral kills)
  A slime creature (D:7)
1 creature vanquished.

Vanquished Creatures (others)
  A bullfrog (D:7)
  Dowan (D:7)
  70 foxfires
72 creatures vanquished.

Grand Total: 186 creatures vanquished

Notes
Turn   | Place    | Note
-------+----------+-------------------------------------------
     0 | D:1      | cojito the Coglin Artificer began the quest for the Orb.
     0 | D:1      | Reached XP level 1. HP: 15/15 MP: 1/1
   129 | D:1      | Reached XP level 2. HP: 18/21 MP: 2/2
   459 | D:1      | Reached XP level 3. HP: 21/27 MP: 3/3
  1123 | D:2      | Reached XP level 4. HP: 32/33 MP: 4/4
  1221 | D:2      | Found a faded altar of an unknown god.
  1363 | D:3      | Reached skill level 5 in Evocations
  1507 | D:3      | Found a broken altar of Ashenzari.
  2128 | D:5      | Entered Level 5 of the Dungeon
  2220 | D:4      | Reached XP level 5. HP: 15/39 MP: 5/5
  2664 | D:4      | Learned a level 1 spell: Foxfire
  2848 | D:4      | Reached skill level 1 in Dodging
  2848 | D:4      | Reached XP level 6. HP: 47/47 MP: 6/6
  2992 | D:4      | Reached skill level 1 in Conjurations
  3011 | D:5      | Reached skill level 1 in Fire Magic
  3046 | D:5      | Noticed an ice beast
  3063 | D:5      | Killed an ice beast
  3105 | D:5      | Found a shimmering blue altar of Sif Muna.
  3118 | D:5      | Reached skill level 6 in Evocations
  3219 | D:5      | Reached skill level 1 in Spellcasting
  3219 | D:5      | Reached XP level 7. HP: 44/52 MP: 8/8
  3366 | D:5      | Found a shimmering altar of Xom.
  3441 | D:5      | Found a sacrificial altar of Ru.
  3558 | D:5      | Found a stormy altar of Qazlal.
  3661 | D:6      | Noticed Blork the orc
  3668 | D:6      | Killed Blork the orc
  3761 | D:6      | Noticed Eustachio
  3820 | D:6      | Reached XP level 8. HP: 36/60 MP: 7/10
  3903 | D:5      | Learned a level 2 spell: Static Discharge
  3920 | D:6      | Found an ornate altar of the Wu Jian Council.
  3943 | D:7      | Noticed Duvessa
  3943 | D:7      | Noticed Dowan
  3946 | D:7      | Killed Duvessa
  3946 | D:7      | Noticed a slime creature
  3946 | D:7      | Noticed a slime creature
  4017 | D:6      | Found a blossoming altar of Fedhas.
  4181 | D:6      | Killed Eustachio
  4303 | D:6      | You fall into a shaft and drop 1 floor!
  4321 | D:7      | Noticed a slime creature
  4328 | D:7      | Reached skill level 7 in Evocations
  4330 | D:7      | Killed a slime creature
  4331 | D:7      | Reached XP level 9. HP: 55/66 MP: 6/12
  4338 | D:7      | Your ally Dowan died
  4345 | D:7      | Slain by a slime creature

Illustrated notes

Levels and vault maps discovered:
D:1:      lemuel_arrival_funnel, layout_rooms, chequers_arboretum
D:2:      layout_rooms, serial_forest, infiniplex_forest_lined_corner,
          infiniplex_forest_lined_1, infiniplex_forest_straight_4,
          infiniplex_forest_clump_tiny, infiniplex_forest_end_2,
          infiniplex_forest_fountain, infiniplex_forest_diagonal,
          hellmonk_ecumenical_altar_inner_sanctum
D:3:      layout_basic, mainiacjoe_overflow_alcove_4, serial_forest,
          infiniplex_forest_clump_tiny, infiniplex_forest_clump_C,
          infiniplex_forest_lined_corner, infiniplex_forest_straight_3,
          infiniplex_forest_diagonal, infiniplex_forest_zigzag_2
D:4:      layout_basic, serial_curves, eino_curves_03, eino_curves_01
D:5:      layout_cave_pools, mainiacjoe_overflow_boulevard,
          mainiacjoe_overflow_cross_hatched, kennysheep_mini_moat,
          mainiacjoe_overflow_tiny_flanked
D:6:      layout_cave_pools, amcnicky_altar_gilded,
          mainiacjoe_overflow_small_starburst, minmay_temple_entry_junction_2,
          uniq_menkaure, uniq_blork_the_orc, uniq_eustachio
D:7:      layout_rooms, mainiacjoe_overflow_24_doors,
          mainiacjoe_overflow_alcove_3, nicolae_ossuary_entry_monument,
          uniq_duvessa
D:8:      layout_cave_pools, gammafunk_ghost_necromancy, uniq_maurice

Skill      XL: |  1  2  3  4  5  6  7  8 |
---------------+-------------------------+-----
Armour         | 2 3 |  3.2
Fighting       | 2 3 4 |  4.7
Evocations     | 5 6 7 |  7.1
Dodging        | 1 2 3 |  3.1
Conjurations   | 1 2 4 |  4.1
Fire Magic     | 1 2 4 |  4.1
Spellcasting   | 1 2 |  2.5
Short Blades   | |  0.2
Stealth        | |  0.7

Action                     |  1- 3 |  4- 6 |  7- 9 || total
---------------------------+-------+-------+-------++-------
  Melee: Club              |    38 |       |       ||    38
         Dagger            |    35 |       |       ||    35
         Short sword       |   156 |    76 |    55 ||   287
         Falchion          |    14 |     1 |       ||    15
         Mace              |       |    87 |    57 ||   144
   Cast: Foxfire           |       |       |    46 ||    46
  Evoke: Wand              |       |     9 |    17 ||    26
    Use: Scroll            |       |     5 |     3 ||     8
   Stab: Sleeping          |       |     1 |     1 ||     2
 Armour: Plate armour      |   128 |    84 |       ||   212
         Leather armour    |       |    50 |    70 ||   120
  Dodge: Dodged            |    27 |    43 |    42 ||   112

Table legend: (Time is in decaauts)
 A = Elapsed time spent in this place.
 B = Non-inter-level travel time spent in this place.
 C = Inter-level travel time spent in this place.
 D = Time resting spent in this place.
 E = Time spent auto-exploring this place.
 F = Levels seen in this place.
 G = Mean time per level.
                   A        B        C        D        E       F      G
               +--------+--------+--------+--------+--------+-----+--------+
         Total |   4449 |   4221 |    228 |    659 |   2222 |   8 |  556.1 |
       Dungeon |   4449 |   4221 |    228 |    659 |   2222 |   8 |  556.1 |
               +--------+--------+--------+--------+--------+-----+--------+

Top non-repeatable levels by time:
     D:5: 1022 daAuts
     D:4: 802 daAuts
     D:3: 774 daAuts
     D:1: 689 daAuts
     D:2: 663 daAuts
     D:6: 445 daAuts
     D:7: 46 daAuts
     D:8: 5 daAuts
